Map: Terminal Paladino LE

Players

efelinto

  • Race: Protoss Protoss
  • League: Diamond
  • Spawn Location: 5:00

TheArchitect - Winner!

  • Race: Protoss Protoss
  • League: Gold
  • Spawn Location: 9:00

VOD

Have the link to the VOD?

Description

Time

  • Played on: April 14, 2017, 9:54 p.m.
  • Length: 19:05
Show
View Real Time Build Order
Export as new Build Order

efelinto Protoss 

Build Orders:  

Get SALT Encoding   

  12  0:01  Probe (Chrono Boost)  
  13  0:11  Probe (Chrono Boost)  
  14  0:20  Pylon  
  14  0:29  Probe (Chrono Boost)  
  15  0:40  Probe (Chrono Boost)  
  16  0:42  Gateway  
  16  0:50  Probe (Chrono Boost)  
  17  1:00  Assimilator  
  17  1:02  Assimilator, Probe (Chrono Boost)  
  18  1:13  Probe (Chrono Boost)  
  19  1:23  Probe (Chrono Boost)  
  20  1:30  Cybernetics Core  
  20  1:34  Probe (Chrono Boost)  
  21  1:44  Probe (Chrono Boost)  
  22  1:55  Probe (Chrono Boost)  
  22  2:11  Pylon  
  22  2:16  Warp Gate  
  22  2:21  Probe (Chrono Boost)  
  23  2:29  Stalker  
  25  2:33  Pylon, Mothership Core (Chrono Boost)  
  28  2:51  Probe (Chrono Boost)  
  28  2:57  Pylon  
  28  3:02  Probe (Chrono Boost)  
  28  3:03  Stalker  
  30  3:14  Gateway  
  30  3:16  Gateway  
  30  3:19  Gateway  
  30  3:31  Stargate  
  30  3:55  Robotics Facility  
  30  3:59  Robotics Facility  
  30  4:18  Nexus  
  30  4:33  Stalker x2  
  30  4:34  Stalker  
  34  4:43  Observer  
  35  4:54  Pylon  
  35  5:18  Sentry  
  35  5:19  Sentry  
  39  5:23  Nexus  
  39  5:36  Probe (Chrono Boost)  
  39  5:37  Probe (Chrono Boost)  
  41  5:44  Immortal  
  41  5:47  Probe (Chrono Boost)  
  41  5:49  Stalker  
  48  6:08  Zealot x3  
  54  6:16  Probe (Chrono Boost)  
  54  6:17  Probe (Chrono Boost)  
  56  6:21  Assimilator  
  55  6:26  Observer  
  55  6:27  Probe x2 (Chrono Boost)  
  55  6:30  Zealot x2  
  62  6:41  Probe x3 (Chrono Boost)  
  65  6:48  Assimilator  
  65  6:52  Probe x3 (Chrono Boost)  
  68  7:04  Probe (Chrono Boost)  
  69  7:13  Probe (Chrono Boost)  
  69  7:14  Probe x2 (Chrono Boost)  
  69  7:15  Pylon  
  72  7:23  Probe (Chrono Boost)  
  72  7:24  Probe (Chrono Boost)  
  72  7:27  Pylon  
  74  7:31  Stalker x2  
  74  7:34  Immortal  
  82  7:47  Probe (Chrono Boost)  
  83  7:57  Probe (Chrono Boost)  
  83  7:58  Probe (Chrono Boost)  
  86  7:59  Probe (Chrono Boost)  
  86  8:07  Stalker  
  86  8:08  Probe x2 (Chrono Boost), Stalker x2  
  86  8:09  Zealot  
  86  8:11  Probe (Chrono Boost)  
  97  8:31  Zealot x2  
  101  8:38  Pylon  
  101  8:41  Pylon  
  101  8:42  Pylon, Gateway  
  101  8:44  Pylon  
  101  8:56  Phoenix  
  103  9:03  Forge  
  103  9:07  Pylon  
  103  9:09  Probe x2 (Chrono Boost), Pylon  
  106  9:10  Probe (Chrono Boost)  
  94  9:19  Zealot x3  
  94  9:20  Probe (Chrono Boost)  
  94  9:21  Phoenix  
  94  9:23  Probe (Chrono Boost)  
  95  9:27  Zealot  
  97  9:43  Zealot  
  97  9:44  Zealot x2  
  103  9:46  Phoenix  
  105  9:53  Stalker  
  105  9:59  Photon Cannon  
  103  10:02  Photon Cannon  
  103  10:05  Photon Cannon  
  99  10:11  Phoenix, Photon Cannon  
  99  10:13  Photon Cannon  
  101  10:16  Photon Cannon  
  101  10:17  Photon Cannon  
  101  10:21  Photon Cannon, Probe x2 (Chrono Boost)  
  104  10:23  Photon Cannon, Probe (Chrono Boost)  
  104  10:27  Photon Cannon  
  103  10:34  Zealot x4  
  111  10:39  Immortal  
  107  11:01  Probe x2 (Chrono Boost)  
  107  11:03  Probe (Chrono Boost)  
  108  11:07  Stalker  
  108  11:08  Stalker  
  112  11:12  Probe x2 (Chrono Boost)  
  112  11:15  Probe (Chrono Boost)  
  112  11:17  Observer  
  115  11:22  Probe x2 (Chrono Boost)  
  119  11:27  Probe (Chrono Boost)  
  119  11:32  Zealot x4  
  125  11:33  Probe x2 (Chrono Boost), Zealot  
  125  11:39  Probe (Chrono Boost)  
  132  11:44  Probe x2 (Chrono Boost)  
  134  11:47  Assimilator  
  134  11:50  Assimilator  
  134  11:51  Probe (Chrono Boost)  
  135  11:55  Probe x2 (Chrono Boost)  
  135  12:00  Sentry x2  
  141  12:07  Nexus  
  141  12:15  Pylon  
  141  12:20  Pylon  
  141  12:24  Pylon  
  141  12:30  Pylon  
  141  12:34  Pylon  
  141  12:35  Pylon  
  141  12:38  Pylon, Fleet Beacon  
  141  12:43  Pylon  
  141  12:46  Pylon  
  141  12:57  Stalker  
  143  13:09  Stargate  
  143  13:11  Stargate  
  143  13:38  Stargate  
  143  13:46  Tempest  
  143  13:47  Nexus  
  149  13:59  Tempest  
  149  14:01  Tempest  
  151  14:03  Pylon, Mothership Core (Chrono Boost)  
  151  14:07  Pylon  
  163  14:17  Stalker  
  165  14:22  Photon Cannon  
  165  14:23  Tempest  
  165  14:29  Photon Cannon  
  171  14:33  Photon Cannon  
  171  14:38  Tempest  
  171  14:42  Tempest  
  183  15:01  Tempest  
  189  15:15  Tempest  
  189  15:21  Void Ray  
  199  15:43  Protoss Ground Weapons Level 1  
  199  15:45  Forge  
  199  15:47  Forge  
  199  16:13  Protoss Ground Armor Level 1  
  199  16:14  Protoss Shields Level 1  
  200  16:48  Probe (Chrono Boost)  
  200  16:50  Assimilator  
  200  16:55  Assimilator  
  200  17:09  Nexus  
  200  17:10  Pylon  
  200  17:12  Pylon  
  200  17:16  Pylon  
  200  17:21  Pylon  
  184  17:45  Stalker x2  
  184  17:46  Stalker x3  
  132  18:17  Stalker x2  
  132  18:18  Stalker x2  
  132  18:19  Stalker  
  126  18:41  Zealot x3  
  118  18:42  Zealot x2  
Show
View Real Time Build Order
Export as new Build Order

TheArchitect Protoss - Winner!

Build Orders:  

Get SALT Encoding   

  12  0:04  Probe (Chrono Boost)  
  13  0:15  Probe (Chrono Boost)  
  13  0:20  Pylon  
  14  0:26  Probe (Chrono Boost)  
  15  0:38  Probe (Chrono Boost)  
  16  0:44  Gateway  
  16  0:58  Assimilator  
  16  1:01  Probe (Chrono Boost)  
  16  1:03  Assimilator  
  17  1:12  Probe (Chrono Boost)  
  18  1:22  Forge  
  18  1:37  Pylon  
  18  1:43  Probe (Chrono Boost)  
  19  1:52  Pylon  
  20  1:54  Probe (Chrono Boost)  
  20  2:04  Probe (Chrono Boost)  
  21  2:17  Cybernetics Core  
  21  2:18  Pylon  
  22  2:23  Probe (Chrono Boost)  
  22  2:25  Pylon  
  22  2:33  Probe (Chrono Boost)  
  23  2:44  Probe (Chrono Boost)  
  24  2:49  Photon Cannon x2  
  23  3:18  Stalker  
  25  3:22  Nexus  
  25  3:24  Pylon  
  25  3:26  Mothership Core (Chrono Boost)  
  27  3:36  Warp Gate  
  27  3:39  Gateway  
  29  3:48  Adept  
  29  3:50  Probe (Chrono Boost)  
  30  3:56  Protoss Ground Weapons Level 1  
  30  4:02  Probe (Chrono Boost)  
  31  4:14  Probe (Chrono Boost)  
  32  4:18  Robotics Facility  
  32  4:21  Sentry  
  34  4:26  Probe (Chrono Boost)  
  35  4:40  Photon Cannon  
  35  4:43  Assimilator  
  35  4:44  Probe (Chrono Boost)  
  36  4:47  Assimilator  
  36  4:55  Probe (Chrono Boost)  
  36  4:56  Stalker  
  41  5:00  Sentry  
  41  5:03  Probe (Chrono Boost)  
  42  5:11  Probe (Chrono Boost)  
  42  5:13  Observer  
  44  5:15  Probe (Chrono Boost)  
  45  5:21  Probe (Chrono Boost)  
  47  5:29  Immortal  
  47  5:30  Probe (Chrono Boost)  
  47  5:32  Probe (Chrono Boost)  
  52  5:42  Probe (Chrono Boost), Gateway  
  54  5:43  Probe (Chrono Boost)  
  54  5:48  Photon Cannon  
  54  5:59  Gateway  
  54  6:06  Observer  
  54  6:10  Stalker  
  54  6:11  Stalker  
  59  6:13  Probe (Chrono Boost)  
  59  6:14  Protoss Ground Armor Level 1  
  60  6:24  Probe (Chrono Boost)  
  61  6:32  Pylon  
  61  6:34  Probe (Chrono Boost)  
  61  6:36  Twilight Council  
  61  6:39  Gateway  
  62  6:41  Pylon  
  62  6:50  Probe (Chrono Boost)  
  63  7:03  Resonating Glaives  
  63  7:12  Gateway  
  63  7:13  Stargate  
  63  7:14  Photon Cannon, Stargate  
  63  7:21  Immortal, Adept  
  63  7:22  Adept  
  71  7:48  Adept x3  
  71  7:49  Adept  
  78  8:19  Pylon  
  78  8:20  Pylon  
  78  8:36  Phoenix x2, Charge  
  82  8:43  Pylon  
  82  8:46  Pylon  
  82  8:48  Gateway  
  82  8:50  Gateway  
  82  8:55  Sentry x3  
  88  8:58  Observer  
  88  9:01  Phoenix x2  
  93  9:14  Immortal  
  81  9:26  Phoenix, Stalker x3  
  81  9:28  Stalker  
  91  9:35  Phoenix  
  93  9:44  Dark Shrine  
  93  9:46  Gateway  
  93  9:51  Phoenix  
  93  10:34  Phoenix x2  
  97  10:40  Robotics Bay  
  97  10:53  Nexus  
  91  11:09  Pylon  
  91  11:11  Pylon  
  91  11:29  Assimilator  
  90  11:33  Assimilator  
  90  11:35  Fleet Beacon  
  90  11:37  Photon Cannon, Zealot x4  
  90  11:38  Zealot, Disruptor  
  100  11:40  Photon Cannon  
  100  11:44  Photon Cannon  
  103  12:13  Pylon  
  103  12:18  Immortal  
  103  12:21  Protoss Ground Weapons Level 2  
  107  12:33  Tempest  
  113  12:52  Disruptor  
  113  12:56  Dark Templar x3  
  122  12:59  Dark Templar  
  120  13:31  Zealot x4  
  120  13:32  Zealot x3  
  129  13:52  Adept x4  
  129  13:53  Adept x2  
  141  13:59  Photon Cannon  
  141  14:06  Pylon  
  141  14:23  Templar Archives  
  141  14:27  Pylon  
  141  14:46  Tempest x2  
  153  14:54  Pylon  
  153  15:02  High Templar x2  
  157  15:08  Archon  
  157  15:13  High Templar x2  
  157  15:14  High Templar x2  
  163  15:18  Archon  
  163  15:19  Archon  
  165  15:28  Pylon  
  165  15:30  Pylon  
  165  15:33  Blink  
  165  15:35  Pylon  
  165  15:41  Disruptor  
  168  15:52  Protoss Ground Weapons Level 3  
  168  16:12  Disruptor  
  168  16:13  Stalker x2  
  168  16:14  Stalker x4  
  183  16:32  Pylon  
  183  16:56  Adept x3  
  183  16:57  Adept x4  
  197  17:16  Pylon  
  102  18:09  Stalker x4  
  102  18:10  Stalker x3  
Tags
 
Add a new tag
Caveats
  • Supply blocks, unpowered buildings, or Contaminate may cause inaccurate times.
  • Supply counts are checked every 10 seconds.